[Event "Titled Tuesday Blitz August 22 Early 2023"]
[White "Nilsen, Tobias Lang"]
[Black "Principe, Alexander"]
[WhiteFideId "1521624"]
[BlackFideId "3804542"]
[WhiteElo "2437"]
[BlackElo "2602"]
[Result "0-1"]
[Round "3"]
[TimeControl "180+1"]
[Date "2023.08.22"]
[WhiteClock "0:00:10"]
[BlackClock "0:01:04"]
[Board "125"]

1. e4 e6 2. d4 d5 3. Nc3 Bb4 4. e5 c5 5. a3 Bxc3+ 6. bxc3 Ne7 7. h4 Qa5 8. Bd2 Nbc6 9. Nf3 Qa4 10. Be3 Bd7 11. h5 h6 12. Rh4 Nf5 13. Rg4 O-O-O 14. Nh4 Nxe3 15. fxe3 f6 16. Ng6 Rhe8 17. Rb1 a6 18. dxc5 Qa5 19. exf6 Qxc5 20. f7 Rf8 21. Nxf8 Rxf8 22. Qf3 Ne5 23. Qf4 Nxg4 24. Qxg4 Qxe3+ 25. Kd1 Rxf7 26. Qe2 Qxc3 27. g4 Rf4 28. Rb3 Rd4+ 29. Kc1 Qa1+ 30. Rb1 Qxa3+ 31. Rb2 Rb4 32. c3 Qxb2+ 33. Qxb2 Rxb2 34. Kxb2 e5 35. Be2 Kc7 36. Kb3 Kd6 37. Kb4 b6 38. Bd1 a5+ 39. Kb3 e4 40. Kc2 Ke5 41. Kd2 b5 42. Ke3 b4 43. cxb4 axb4 44. Bb3 d4+ 45. Ke2 Bxg4+ 46. Kf2 Kf4 47. Bd1 Bxd1 48. Ke1 Bxh5 0-1


[Site "https://www.chess.com"]

[Event "Titled Tuesday Blitz August 22 Early 2023"]
[White "Rietze, Clemens, Dr."]
[Black "UnknownMagician"]
[WhiteFideId "24620351"]
[WhiteElo "2433"]
[BlackElo "2602"]
[Result "1-0"]
[Round "3"]
[TimeControl "180+1"]
[Date "2023.08.22"]
[WhiteClock "0:01:18"]
[BlackClock "0:01:07"]
[Board "126"]

1. d4 Nf6 2. c4 d6 3. Nc3 Nbd7 4. e4 e5 5. d5 Nc5 6. f3 a5 7. Be3 Be7 8. Qd2 O-O 9. O-O-O a4 10. Kb1 Bd7 11. g4 Ne8 12. h4 Bxh4 13. g5 Bg3 14. Nge2 Bf4 15. Nxf4 exf4 16. Bxf4 g6 17. Qh2 h5 18. gxh6 Kh7 19. Bh3 Nf6 20. Bg5 Bxh3 21. Qxh3 Ncd7 22. f4 Qe8 23. Rde1 a3 24. e5 dxe5 25. fxe5 Nh5 26. e6 fxe6 27. Rxe6 Qc8 28. Re7+ Kh8 29. Rxd7 axb2 30. Qe6 Qe8 31. Re7 Qc8 32. Qe5+ Kg8 33. Rg7+ Kh8 34. Rxg6+ Kh7 35. Rg7+ Kh8 36. Rxc7+ Kg8 37. h7# 1-0


[Site "https://www.chess.com"]

[Event "Titled Tuesday Blitz August 22 Early 2023"]
[White "Begunov, Konstantin"]
[Black "Kochiev, Ivan"]
[WhiteFideId "4118510"]
[BlackFideId "2917890"]
[WhiteElo "2431"]
[BlackElo "2602"]
[Result "1-0"]
[Round "3"]
[TimeControl "180+1"]
[Date "2023.08.22"]
[WhiteClock "0:00:15"]
[BlackClock "0:00:00"]
[Board "127"]

1. d4 Nf6 2. c4 e6 3. Nf3 c5 4. Nc3 cxd4 5. Nxd4 Nc6 6. g3 Nxd4 7. Qxd4 a6 8. Bg2 Qc7 9. O-O d6 10. b3 Bd7 11. Bb2 Bc6 12. e4 Rc8 13. Rac1 Qb8 14. Rfe1 Be7 15. Nd5 Bd8 16. Rcd1 O-O 17. Nb6 Bxb6 18. Qxb6 Rfd8 19. Rd2 Qc7 20. Qe3 b5 21. Qg5 Qe7 22. cxb5 axb5 23. Red1 Kf8 24. Bxf6 gxf6 25. Qh6+ Kg8 26. Rd3 d5 27. exd5 Bxd5 28. Bxd5 Rxd5 29. Rxd5 exd5 30. Rd4 f5 31. Kg2 Qe5 32. Qf4 1-0


[Site "https://www.chess.com"]

[Event "Titled Tuesday Blitz August 22 Early 2023"]
[White "Aevengho"]
[Black "Girsh, Daniel"]
[BlackFideId "30949190"]
[WhiteElo "2599"]
[BlackElo "2429"]
[Result "0-1"]
[Round "3"]
[TimeControl "180+1"]
[Date "2023.08.22"]
[WhiteClock "0:00:13"]
[BlackClock "0:00:58"]
[Board "128"]

1. e4 c5 2. Nc3 d6 3. Nf3 Nf6 4. Bc4 e6 5. O-O Be7 6. Re1 O-O 7. d3 Nc6 8. h3 a6 9. a4 d5 10. Bb3 h6 11. Bf4 b6 12. exd5 exd5 13. Ne5 Nxe5 14. Bxe5 Be6 15. Qf3 c4 16. dxc4 dxc4 17. Ba2 Nd7 18. Bd4 Bf6 19. Rad1 Rc8 20. Ne4 Bxd4 21. Rxd4 Ne5 22. Qd1 Qc7 23. Nd6 Nc6 24. Rd2 c3 25. bxc3 Bxa2 26. Nxc8 Rxc8 27. Rd7 Qf4 28. Re3 Be6 29. Rb7 Rd8 30. Qf3 Qxf3 31. Rxf3 Ne5 32. Re3 Nc4 33. Rd3 Rc8 34. f3 a5 35. g4 Ne5 36. Re3 Nxf3+ 37. Kf2 Nd2 0-1


[Site "https://www.chess.com"]

[Event "Titled Tuesday Blitz August 22 Early 2023"]
[White "Baghdasaryan, Vahe"]
[Black "Rosen, Eric"]
[WhiteFideId "13303139"]
[BlackFideId "2032562"]
[WhiteElo "2428"]
[BlackElo "2594"]
[Result "0-1"]
[Round "3"]
[TimeControl "180+1"]
[Date "2023.08.22"]
[WhiteClock "0:00:03"]
[BlackClock "0:00:06"]
[Board "129"]

1. e4 c5 2. c3 d5 3. exd5 Qxd5 4. d4 Nf6 5. Nf3 e6 6. Be3 cxd4 7. cxd4 Nc6 8. Nc3 Qd6 9. Bd3 Be7 10. O-O O-O 11. a3 b6 12. Bc2 Bb7 13. Qd3 g6 14. Rad1 Rfd8 15. h4 Rac8 16. Rfe1 a6 17. Bb1 b5 18. Ne4 Nxe4 19. Qxe4 Na5 20. Qg4 h5 21. Qh3 Nc4 22. Bc1 Bxf3 23. Qxf3 Bxh4 24. g3 Be7 25. Bf4 Qd7 26. Bc1 Kg7 27. g4 hxg4 28. Qxg4 Rh8 29. d5 Rh4 30. Qg2 e5 31. b3 Nd6 32. f3 Bf6 33. Bb2 Rh5 34. Bd3 Rch8 35. f4 Qa7+ 36. Kf1 Rh1+ 37. Ke2 R1h2 38. fxe5 Rxg2+ 39. Kf3 Qf2# 0-1


[Site "https://www.chess.com"]

[Event "Titled Tuesday Blitz August 22 Early 2023"]
[White "Borgaonkar Akshay"]
[Black "Bueno, Alfeu Junior Varela"]
[WhiteFideId "25639110"]
[BlackFideId "2108879"]
[WhiteElo "2594"]
[BlackElo "2428"]
[Result "1-0"]
[Round "3"]
[TimeControl "180+1"]
[Date "2023.08.22"]
[WhiteClock "0:02:01"]
[BlackClock "0:00:02"]
[Board "130"]

1. Nf3 e6 2. b3 f5 3. Bb2 b6 4. g3 Bb7 5. Bg2 Nf6 6. O-O Be7 7. c4 O-O 8. Nc3 Qe8 9. d3 Qh5 10. e3 Qh6 11. Nb5 Bd8 12. h3 d6 13. Nfd4 Bxg2 14. Kxg2 Re8 15. Qf3 d5 16. cxd5 Nxd5 17. Nxf5 Qg6 18. Nxg7 Rf8 19. Qe4 Bf6 20. Bxf6 Rxf6 21. Qxg6 Rxg6 22. Ne8 Na6 23. e4 Nf4+ 24. Kf3 Nxh3 25. Nexc7 Rf8+ 26. Ke3 Nxc7 27. Nxc7 Rgf6 28. f4 Rg6 29. Rf3 h5 30. Rh1 Rf7 31. Nb5 a6 32. Nc3 Rd7 33. Rxh3 1-0


[Site "https://www.chess.com"]

[Event "Titled Tuesday Blitz August 22 Early 2023"]
[White "Tomaszewski, Kacper"]
[Black "Ahmad, Khagan"]
[WhiteFideId "1127373"]
[BlackFideId "13431552"]
[WhiteElo "2426"]
[BlackElo "2594"]
[Result "0-1"]
[Round "3"]
[TimeControl "180+1"]
[Date "2023.08.22"]
[WhiteClock "0:00:21"]
[BlackClock "0:02:09"]
[Board "131"]

1. e4 c5 2. d4 cxd4 3. c3 dxc3 4. Nxc3 e6 5. Nf3 Bb4 6. Qd4 Bxc3+ 7. bxc3 Nf6 8. Ba3 Nc6 9. Qe3 Qa5 10. Bd6 Nxe4 11. Qxe4 Qxc3+ 12. Ke2 Qxa1 13. g3 Qxa2+ 14. Nd2 f5 15. Qh4 Qd5 16. Nc4 Nd4+ 17. Ke3 f4+ 18. Qxf4 Nf5+ 19. Ke2 Qxh1 20. Be5 O-O 0-1


[Site "https://www.chess.com"]

[Event "Titled Tuesday Blitz August 22 Early 2023"]
[White "Dobrikov, Marco"]
[Black "Goldin, Roman"]
[WhiteFideId "12950378"]
[BlackFideId "2803860"]
[WhiteElo "2593"]
[BlackElo "2422"]
[Result "0-1"]
[Round "3"]
[TimeControl "180+1"]
[Date "2023.08.22"]
[WhiteClock "0:00:43"]
[BlackClock "0:00:08"]
[Board "132"]

1. c4 e5 2. Nc3 Nf6 3. Nf3 Nc6 4. g3 d5 5. cxd5 Nxd5 6. Bg2 Nb6 7. O-O Be7 8. e3 O-O 9. d4 exd4 10. exd4 Nb4 11. Ne5 N4d5 12. Re1 Bf6 13. Bd2 Be6 14. Rc1 c6 15. Ne4 Be7 16. Nc5 Bxc5 17. dxc5 Nd7 18. Nd3 Re8 19. Nf4 Nxf4 20. Bxf4 Nf6 21. Bd6 Bd5 22. Bxd5 Nxd5 23. Qd2 Qd7 24. b4 h6 25. b5 Rxe1+ 26. Rxe1 Re8 27. Rb1 Qf5 28. Rd1 Re4 29. bxc6 bxc6 30. Re1 Qe6 31. Rb1 Re2 32. Rb8+ Kh7 33. Qd3+ f5 34. Rb7 Re1+ 35. Kg2 a5 36. Qd4 Qe4+ 37. Qxe4 Rxe4 38. Bf8 Kg8 39. Bxg7 Rb4 40. Bxh6 Rxb7 41. Bd2 Rb2 42. Bxa5 Rxa2 43. Bc7 Rc2 44. Bd6 Nb4 45. Kf3 Nd3 46. h4 Nxc5 47. Kf4 Ne4 48. Be5 Rxf2+ 49. Ke3 Rg2 50. Kf3 Rf2+ 51. Ke3 c5 52. g4 Rg2 53. gxf5 Ng3 54. Kf3 Rg1 55. Bxg3 c4 56. Be5 Rh1 57. Bf6 Kf7 58. Be5 Rxh4 59. Ke3 Rh3+ 60. Kd2 Rd3+ 61. Kc2 Rd5 62. Bh2 Rxf5 63. Kc3 Rc5 64. Kd4 Rc8 65. Bf4 c3 66. Kd3 c2 67. Bc1 Ke6 68. Kd2 Kd5 69. Kd3 Ke5 70. Kd2 Ke4 71. Ke2 Kd4 72. Kd2 Ke4 73. Ke2 Rc6 74. Kd2 Kf3 75. Kd3 Kf2 76. Kd2 Kf3 77. Kd3 Kg4 78. Kd2 Kf5 79. Kd3 Ke6 80. Kd4 Kd7 81. Kd3 Kc7 82. Kd2 Kb6 83. Bb2 Kb5 84. Kc1 Kb4 85. Be5 Kb3 86. Bf4 Rc5 87. Be3 Rd5 88. Bd4 Rd6 89. Bc3 Rd1# 0-1


[Site "https://www.chess.com"]

[Event "Titled Tuesday Blitz August 22 Early 2023"]
[White "Ronka, Erik"]
[Black "Bagrationi, Alexander"]
[WhiteFideId "505080"]
[BlackFideId "14104954"]
[WhiteElo "2425"]
[BlackElo "2591"]
[Result "0-1"]
[Round "3"]
[TimeControl "180+1"]
[Date "2023.08.22"]
[WhiteClock "0:00:02"]
[BlackClock "0:00:08"]
[Board "133"]

1. e4 e5 2. Nf3 Nf6 3. Nc3 Bb4 4. Nxe5 Qe7 5. Nd3 Bxc3 6. dxc3 Nxe4 7. Be2 d5 8. O-O O-O 9. Re1 c6 10. Bf1 Qf6 11. Be3 Bf5 12. f3 Nd6 13. Bd4 Qh6 14. Be3 Qf6 15. Bd4 Qd8 16. Bf2 Nd7 17. b3 Bg6 18. Qd2 Qa5 19. a4 Rae8 20. Nf4 a6 21. h4 h6 22. g4 Ne5 23. Kg2 Qc7 24. Bd4 Nxf3 25. Kxf3 Be4+ 26. Kf2 c5 27. Be3 Qd8 28. Kg3 Bh7 29. Bg2 Re4 30. Qxd5 g5 31. hxg5 hxg5 32. Nh5 Rfe8 33. Bxe4 Nxe4+ 34. Qxe4 Bxe4 35. Rad1 Qc7+ 36. Kf2 Bxc2 37. Nf6+ Kh8 38. Nxe8 Qh2+ 39. Kf3 Bxd1+ 40. Rxd1 Qh3+ 41. Ke2 Qxg4+ 42. Ke1 Qg3+ 43. Bf2 Qe5+ 44. Kf1 Qxe8 45. Bxc5 Qc6 46. Bd4+ Kh7 47. Kf2 Kg6 48. Re1 Qd5 49. Re6+ Qxe6 0-1


[Site "https://www.chess.com"]

[Event "Titled Tuesday Blitz August 22 Early 2023"]
[White "Llanos, Guillermo"]
[Black "Stepanencu, Nicodim-Cosmin"]
[WhiteFideId "100358"]
[BlackFideId "1256220"]
[WhiteElo "2421"]
[BlackElo "2590"]
[Result "0-1"]
[Round "3"]
[TimeControl "180+1"]
[Date "2023.08.22"]
[WhiteClock "0:00:04"]
[BlackClock "0:00:05"]
[Board "134"]

1. c4 Nf6 2. Nc3 g6 3. g3 Bg7 4. Bg2 O-O 5. e3 c5 6. Nge2 Nc6 7. O-O d6 8. d4 cxd4 9. exd4 Bd7 10. d5 Na5 11. b3 a6 12. Bd2 b5 13. cxb5 axb5 14. Nd4 b4 15. Nce2 Qb6 16. Rc1 Rfc8 17. Rxc8+ Rxc8 18. Bf4 Rc5 19. Nc2 Qb7 20. Ne3 Ng4 21. Nxg4 Bxg4 22. Be3 Qa6 23. f3 Bf5 24. Bxc5 dxc5 25. Re1 c4 26. bxc4 Nxc4 27. Qb3 Qb6+ 28. Kh1 Qf2 29. Qxc4 Qxe1+ 30. Ng1 Bc3 31. g4 Bb1 32. Qe2 Qxe2 33. Nxe2 Bxa2 34. f4 Bc4 35. Nxc3 bxc3 36. Be4 Bxd5 37. Bxd5 c2 38. Kg2 c1=Q 0-1


[Site "https://www.chess.com"]

[Event "Titled Tuesday Blitz August 22 Early 2023"]
[White "Zenin, Dmitry"]
[Black "Kozin, Yuri"]
[WhiteFideId "4127897"]
[BlackFideId "4129920"]
[WhiteElo "2416"]
[BlackElo "2587"]
[Result "1-0"]
[Round "3"]
[TimeControl "180+1"]
[Date "2023.08.22"]
[WhiteClock "0:00:48"]
[BlackClock "0:00:00"]
[Board "135"]

1. d4 d5 2. c4 c6 3. cxd5 cxd5 4. Bf4 Nf6 5. Nc3 e6 6. e3 a6 7. Rc1 Be7 8. Bd3 O-O 9. h3 Nc6 10. Nf3 Bd7 11. O-O Rc8 12. a3 Na5 13. Ne5 Nc4 14. Qe2 Bb5 15. Nxb5 axb5 16. a4 bxa4 17. Nxc4 dxc4 18. Bxc4 Qb6 19. Bb5 a3 20. bxa3 Bxa3 21. Rb1 Nd5 22. Bd7 Nc3 23. Rxb6 Nxe2+ 24. Kh2 Rcd8 25. Rxb7 Nxf4 26. exf4 Bd6 27. g3 Rb8 28. Rfb1 h5 29. h4 Rxb7 30. Rxb7 Rb8 31. Ra7 g6 32. Kg2 Kf8 33. Bc6 Rc8 34. d5 Kg7 35. Rd7 Bb8 36. Ba4 Rc4 37. Bb3 Rb4 38. Ba2 Rb2 39. Bc4 Rc2 40. Bd3 Rd2 41. dxe6 Kf6 42. e7 1-0


[Site "https://www.chess.com"]

[Event "Titled Tuesday Blitz August 22 Early 2023"]
[White "Jia, Haoxiang"]
[Black "Khromkin, Andrey"]
[WhiteFideId "8602999"]
[BlackFideId "4154126"]
[WhiteElo "2583"]
[BlackElo "2416"]
[Result "1/2-1/2"]
[Round "3"]
[TimeControl "180+1"]
[Date "2023.08.22"]
[WhiteClock "0:00:15"]
[BlackClock "0:00:03"]
[Board "136"]

1. d4 d5 2. Bf4 c5 3. c3 Nc6 4. e3 Qb6 5. Qb3 c4 6. Qxb6 axb6 7. Na3 e5 8. Nb5 Ra5 9. Nc7+ Kd7 10. Nxd5 Rxd5 11. Bxc4 Ra5 12. Bg3 Ke8 13. Nf3 exd4 14. exd4 Be6 15. Bxe6 fxe6 16. Bc7 Nf6 17. Bxb6 Rb5 18. Bc7 Rxb2 19. O-O Kd7 20. Bg3 Bd6 21. Rfb1 Rxb1+ 22. Rxb1 Bxg3 23. hxg3 Rb8 24. Kf1 b5 25. Ke2 Ne4 26. Rc1 b4 27. cxb4 Rxb4 28. Ke3 Nf6 29. Rc2 Ra4 30. Rb2 Ra3+ 31. Kf4 Nd5+ 32. Kg4 Kc7 33. Ng5 Nxd4 34. Nxh7 Nf6+ 35. Nxf6 gxf6 36. f3 Kd6 37. Rd2 e5 38. Kh5 Kd5 39. g4 Ke6 40. g5 Ra7 41. gxf6 Kxf6 42. Kg4 Rg7+ 43. Kh3 Kf5 44. a4 Kf4 45. Kh2 Ke3 46. Ra2 Ne2 47. Kh3 Nf4+ 48. Kh2 Ne2 49. Kh3 Kf2 50. a5 Rg3+ 51. Kh4 Rxg2 52. a6 Rg8 53. a7 Ra8 54. Ra5 Kxf3 55. Rxe5 Rxa7 56. Kg5 Nf4 57. Rb5 Rg7+ 58. Kf6 Rg8 59. Rb4 Kg4 60. Ra4 Rg6+ 61. Kf7 Rb6 62. Ra5 Nd3 63. Ra4+ Kf5 64. Ra5+ Ne5+ 65. Ke7 Rb7+ 66. Kd6 Rd7+ 67. Kc5 Rc7+ 68. Kd6 Rd7+ 69. Kc5 Rc7+ 70. Kd6 Rd7+ 1/2-1/2


[Site "https://www.chess.com"]

[Event "Titled Tuesday Blitz August 22 Early 2023"]
[White "Pershina, Elena"]
[Black "Colas, Joshua"]
[WhiteFideId "24147516"]
[BlackFideId "2044447"]
[WhiteElo "2415"]
[BlackElo "2583"]
[Result "1-0"]
[Round "3"]
[TimeControl "180+1"]
[Date "2023.08.22"]
[WhiteClock "0:00:19"]
[BlackClock "0:00:12"]
[Board "137"]

1. c4 e5 2. Nc3 Nc6 3. g3 g6 4. Bg2 Bg7 5. e4 d6 6. Nge2 f5 7. d3 Nf6 8. Rb1 O-O 9. O-O Be6 10. Nd5 Qd7 11. b4 f4 12. gxf4 Nh5 13. b5 Nd4 14. Nxd4 exd4 15. f5 Bxd5 16. cxd5 Be5 17. f4 Bg7 18. fxg6 hxg6 19. Bd2 Rf7 20. f5 Raf8 21. Qg4 Rf6 22. Bh3 Qf7 23. Bg5 gxf5 24. Rxf5 Rxf5 25. Qxf5 Qxf5 26. Bxf5 Be5 27. Rc1 Nf4 28. Bxf4 Bxf4 29. Rxc7 b6 30. Rxa7 Be5 31. Rb7 Ra8 32. Be6+ Kh8 33. Rxb6 Rxa2 34. Ra6 Rxh2 35. b6 Rb2 36. Bc8 Kg7 37. b7 Kf6 38. Ra8 Rb1+ 39. Kg2 Rb2+ 40. Kf3 Rb3 41. b8=Q Rxd3+ 42. Ke2 Re3+ 43. Kd2 Bf4 44. Kc2 Rc3+ 45. Kb2 Bc1+ 46. Ka2 d3 47. Qxd6+ Kg5 48. Qe5+ Kh4 49. Qxc3 d2 50. Qc2 Kg3 51. e5 Kf2 52. e6 Ke1 53. e7 d1=Q 54. Qxd1+ Kxd1 55. e8=Q Bd2 56. d6 Kc2 57. d7 Bc3 58. d8=Q Bd4 59. Qc7+ Kd3 60. Qg6+ Kd2 61. Qcd6 Kc3 62. Qxd4+ Kxd4 63. Qg4+ Kc3 64. Ra3+ Kd2 65. Qg2+ Kd1 66. Rd3+ Kc1 67. Rc3+ Kd1 68. Bg4+ Ke1 69. Qe2# 1-0


[Site "https://www.chess.com"]

[Event "Titled Tuesday Blitz August 22 Early 2023"]
[White "Romero Ruscalleda, Josep"]
[Black "Kazmin_Semyon"]
[WhiteFideId "2231859"]
[WhiteElo "2413"]
[BlackElo "2581"]
[Result "1-0"]
[Round "3"]
[TimeControl "180+1"]
[Date "2023.08.22"]
[WhiteClock "0:00:09"]
[BlackClock "0:00:00"]
[Board "138"]

1. e4 e5 2. Nf3 Nc6 3. Bc4 Bc5 4. c3 Nf6 5. d4 exd4 6. e5 d5 7. Bb5 Ne4 8. Nxd4 Bd7 9. Bxc6 bxc6 10. O-O O-O 11. Be3 Re8 12. f3 Ng5 13. f4 Ne4 14. Nd2 Nxd2 15. Qxd2 Bb6 16. a4 a5 17. Nb3 Bf5 18. Nc5 Qe7 19. b4 Bxc5 20. Bxc5 Qh4 21. Rf3 Re6 22. Bf2 Qh5 23. Bg3 Be4 24. Rf2 Qg4 25. Qd4 h5 26. f5 Bxf5 27. Rf4 Qg6 28. Raf1 Bd3 29. R1f2 Re7 30. Bh4 Rd7 31. R4f3 Be4 32. Rg3 Qh7 33. Bf6 Bg6 34. Bh4 axb4 35. Qxb4 Bf5 36. Qb7 Re8 37. Qxc6 d4 38. cxd4 Be6 39. Bf6 g6 40. a5 Qh6 41. a6 Kh7 42. a7 Rxd4 43. h3 Rd1+ 44. Kh2 Qc1 45. Qxc1 Rxc1 46. Ra3 Ra8 47. Rd2 Bf5 48. Rd8 Be4 49. Rxa8 Bxa8 50. Rb3 Rc2 51. Kg1 Rxg2+ 52. Kf1 g5 53. Rb8 Be4 54. a8=Q Bxa8 55. Rxa8 Rg3 56. Rc8 Rxh3 57. Bxg5 Kg6 58. Bf6 Rc3 59. Ke2 Kf5 60. Kd2 Rc6 61. Rh8 Kg4 62. Rg8+ Kf4 63. Rg7 Ra6 64. Rxf7 Kf5 65. Rh7 Ra2+ 66. Kc3 Ra3+ 67. Kb4 Rh3 68. Rxc7 Ke6 69. Rh7 Rh1 70. Rh8 Kd5 71. Kc3 Rh3+ 72. Kd2 Ke6 73. Ke2 Rh1 74. Kf2 Rh3 75. Kg2 Ra3 76. Rxh5 Kf7 77. Rh7+ Ke6 78. Re7+ Kf5 79. Kf2 Kg6 80. Ke2 Kf5 81. Kd2 Ke4 82. Kc2 Kf5 83. Kb2 Rh3 84. Rg7 Ke6 85. Rg4 Rf3 86. Rh4 Kf5 87. Kc2 Ke6 88. Kd2 Ra3 89. Ke2 Kf5 90. Rd4 Ra2+ 91. Rd2 Ra3 92. Rd3 Ra4 93. Ke3 Ke6 94. Rd4 Ra1 95. Rd6+ Kf5 96. Bg7 Ra4 97. Rd4 Ra3+ 98. Kd2 Ke6 99. Rd6+ Kf5 100. Bf6 Rh3 101. Rd3 Rh2+ 102. Kc3 Rh4 103. Rd4 Rh1 104. Kc4 Ke6 105. Kc5 Rc1+ 106. Rc4 Ra1 107. Kc6 Ra8 108. Kc7 Ra5 109. Rd4 Kf7 110. Rd7+ Ke6 111. Re7+ Kd5 112. e6 Ra7+ 113. Kd8 Ra6 114. Kd7 Ra7+ 115. Ke8 Ra6 116. Kf7 1-0


[Site "https://www.chess.com"]

[Event "Titled Tuesday Blitz August 22 Early 2023"]
[White "Arabidze, Meri"]
[Black "Dwilewicz, Katarzyna"]
[WhiteFideId "13604040"]
[BlackFideId "1148486"]
[WhiteElo "2581"]
[BlackElo "2411"]
[Result "1/2-1/2"]
[Round "3"]
[TimeControl "180+1"]
[Date "2023.08.22"]
[WhiteClock "0:00:07"]
[BlackClock "0:00:05"]
[Board "139"]

1. Nf3 b6 2. b3 Bb7 3. Bb2 Nf6 4. g3 g6 5. Bg2 Bg7 6. O-O O-O 7. d4 d5 8. Ne5 Nfd7 9. c4 Nxe5 10. dxe5 e6 11. f4 c6 12. Nc3 Nd7 13. cxd5 cxd5 14. e4 dxe4 15. Nxe4 Bxe4 16. Bxe4 Rc8 17. b4 Qe7 18. Bg2 Rfd8 19. Qb3 h5 20. Rac1 h4 21. a3 Nb8 22. Rfd1 Rxc1 23. Bxc1 Rxd1+ 24. Qxd1 hxg3 25. hxg3 Qd7 26. Qxd7 Nxd7 27. Be3 Bf8 28. Bc6 Nb8 29. Bb5 Be7 30. Kg2 f6 31. Bd4 f5 32. Kf3 Kf7 33. Ke2 g5 34. Kd3 gxf4 35. gxf4 Bh4 36. a4 Be1 37. Bc3 Bg3 38. Bd2 Ke7 39. Be3 Nd7 40. a5 Be1 41. a6 Bxb4 42. Bxd7 Kxd7 43. Bxb6 Kc6 44. Bxa7 Kb5 45. Be3 Kxa6 46. Kc4 Bf8 47. Bc5 Bh6 48. Be3 Kb7 49. Kb5 Kc7 50. Kc5 Bf8+ 51. Kb5 Bh6 52. Bd2 Kd7 53. Kb6 Bf8 54. Be3 Bh6 55. Bc1 Bf8 56. Kb7 Bh6 57. Kb6 Bf8 58. Kb5 Bh6 59. Be3 Bf8 60. Bf2 Bh6 61. Bg3 Bf8 62. Bh4 Bh6 63. Bg3 Bf8 64. Kc4 Bh6 65. Kc5 Bf8+ 66. Kd4 Kc6 67. Bh4 Bh6 68. Bg5 Bf8 69. Kc4 Ba3 70. Bh4 Bc1 71. Bg5 Bd2 72. Bh6 Bc1 73. Bg5 Bd2 74. Kd3 Bc1 75. Kc4 1/2-1/2


[Site "https://www.chess.com"]

[Event "Titled Tuesday Blitz August 22 Early 2023"]
[White "Ribeiro, Matheus Mendes Domingues"]
[Black "Baches Garcia, Guillermo"]
[WhiteFideId "324226923"]
[BlackFideId "2209764"]
[WhiteElo "2581"]
[BlackElo "2410"]
[Result "0-1"]
[Round "3"]
[TimeControl "180+1"]
[Date "2023.08.22"]
[WhiteClock "0:00:04"]
[BlackClock "0:00:19"]
[Board "140"]

1. c4 e5 2. Nc3 Nf6 3. Nf3 Nc6 4. e4 d6 5. d4 exd4 6. Nxd4 g6 7. Be3 Bg7 8. Be2 O-O 9. O-O Re8 10. f3 Bd7 11. Qd2 a6 12. Rfd1 Rb8 13. Rac1 Ne5 14. b3 h5 15. Nd5 c6 16. Nc3 b5 17. cxb5 axb5 18. a4 bxa4 19. Nxa4 c5 20. Nc2 Bf8 21. Rb1 c4 22. Nd4 cxb3 23. Nc3 h4 24. Rxb3 h3 25. g3 Rxb3 26. Nxb3 Be6 27. Nd4 Bc4 28. Bg5 Be7 29. f4 Bxe2 30. fxe5 dxe5 31. Ndxe2 Qb6+ 32. Qe3 Bc5 33. Rd3 Bxe3+ 34. Bxe3 Qc6 35. Nd5 Nxd5 36. exd5 Qc2 37. Rd2 Qe4 38. Kf2 Qg2+ 39. Ke1 Ra8 40. d6 Ra1+ 41. Rd1 Rxd1+ 42. Kxd1 Qd5+ 43. Ke1 Qxd6 44. Kf2 Qd5 45. Ke1 Qg2 46. Bg1 f5 47. Kd2 g5 48. Ke1 f4 49. gxf4 gxf4 50. Bc5 Qxh2 51. Bd6 Qg2 52. Nxf4 exf4 53. Bxf4 h2 54. Bxh2 Qxh2 0-1


[Site "https://www.chess.com"]

[Event "Titled Tuesday Blitz August 22 Early 2023"]
[White "Yuruultei Batbaatar"]
[Black "Ezat, Mohamed"]
[WhiteFideId "4905962"]
[BlackFideId "10600906"]
[WhiteElo "2407"]
[BlackElo "2577"]
[Result "0-1"]
[Round "3"]
[TimeControl "180+1"]
[Date "2023.08.22"]
[WhiteClock "0:00:00"]
[BlackClock "0:00:23"]
[Board "141"]

1. d4 Nf6 2. c4 g6 3. Nc3 Bg7 4. e4 d6 5. Be2 O-O 6. Nf3 e5 7. O-O Nc6 8. d5 Ne7 9. Nd2 a5 10. a3 Nd7 11. Rb1 f5 12. b4 Kh8 13. f3 Ng8 14. Qc2 f4 15. Bb2 g5 16. Nb3 axb4 17. axb4 Ndf6 18. c5 g4 19. Nb5 Rf7 20. Na5 Bf8 21. Rfc1 g3 22. h3 Nh5 23. cxd6 Bxd6 24. Nc4 Rg7 25. Nxe5 Qf8 26. Nxc7 Ra2 27. Ne6 Bxe6 28. dxe6 Bxe5 29. Bxe5 Rxc2 30. Rxc2 Qe7 31. Bc4 Ngf6 32. Bd5 h6 33. Rbc1 Qxb4 34. Rc8+ Kh7 35. R8c7 Rxc7 36. Rxc7+ Kg6 37. Rc1 Qd2 38. Rf1 Nxd5 39. exd5 Qxd5 40. Re1 Qxe6 41. Bc3 Qb6+ 42. Kh1 Qf2 43. Re6+ Kf7 44. Re1 b5 45. Bb4 Nf6 46. Rd1 Nd5 0-1


[Site "https://www.chess.com"]

[Event "Titled Tuesday Blitz August 22 Early 2023"]
[White "Ganiev, Roman"]
[Black "Jaskolka, Tomasz"]
[WhiteFideId "4131452"]
[BlackFideId "1170791"]
[WhiteElo "2576"]
[BlackElo "2513"]
[Result "0-1"]
[Round "3"]
[TimeControl "180+1"]
[Date "2023.08.22"]
[WhiteClock "0:00:10"]
[BlackClock "0:00:20"]
[Board "142"]

1. e4 d5 2. exd5 Nf6 3. Bb5+ Nbd7 4. Nc3 a6 5. Bc4 b5 6. Bb3 Nb6 7. d4 Bb7 8. Nf3 Nfxd5 9. Nxd5 Nxd5 10. c3 e6 11. Qe2 Bd6 12. Ne5 O-O 13. Bd2 c5 14. O-O cxd4 15. cxd4 Rc8 16. Rac1 Qe7 17. a3 h6 18. Qg4 Nf6 19. Qh4 Ne4 20. Qxe7 Bxe7 21. Be3 Rfd8 22. f3 Nf6 23. Rxc8 Rxc8 24. Rc1 Rxc1+ 25. Bxc1 Bd5 26. Bxd5 Nxd5 27. Kf2 Kf8 28. Nd7+ Ke8 29. Nb8 a5 30. Nc6 a4 31. Ke2 Kd7 32. Ne5+ Ke8 33. Kd3 Bd6 34. g3 f6 35. Nc6 Kd7 36. Na7 b4 37. Nb5 bxa3 38. bxa3 Be7 39. Nc3 Nb6 40. f4 Kc6 41. Bb2 g6 42. Bc1 f5 43. h3 Bd6 44. Nb1 Nd5 45. Nd2 g5 46. Nc4 gxf4 47. Nxd6 fxg3 48. Nc4 g2 49. Ne5+ Kb5 50. Nf3 f4 51. Ke4 Nc3+ 52. Kxf4 Ne2+ 53. Ke3 Nxc1 54. Kf2 Kc4 55. Kxg2 Kb3 56. d5 exd5 57. Kg3 Kxa3 58. Nd4 Kb2 59. Nf5 a3 60. Ne7 a2 61. Nxd5 a1=Q 62. Ne3 Qa3 63. Kf4 Ne2+ 64. Kf5 Qxe3 65. h4 Qf4+ 66. Kg6 Qg4+ 67. Kxh6 Qxh4+ 68. Kg6 Qg4+ 69. Kf7 Qf5+ 70. Ke7 Qg6 71. Kd7 Kc3 72. Kc7 Kd4 73. Kb7 Kd5 74. Ka8 Kc6 0-1


[Site "https://www.chess.com"]

[Event "Titled Tuesday Blitz August 22 Early 2023"]
[White "Avazkhonov, Alikhon"]
[Black "Golubev, Mikhail"]
[WhiteFideId "14208504"]
[BlackFideId "14100983"]
[WhiteElo "2402"]
[BlackElo "2575"]
[Result "0-1"]
[Round "3"]
[TimeControl "180+1"]
[Date "2023.08.22"]
[WhiteClock "0:01:31"]
[BlackClock "0:02:43"]
[Board "143"]

1. d4 Nf6 2. c4 g6 3. Nc3 Bg7 4. e4 d6 5. Be2 O-O 6. Be3 c5 7. d5 e6 8. Nf3 exd5 9. cxd5 b5 10. Bxb5 Nxe4 11. Nxe4 Qa5+ 12. Nc3 Bxc3+ 13. bxc3 Qxb5 14. Qe2 Qxe2+ 15. Kxe2 Ba6+ 16. Kd2 Nd7 17. Bf4 Nb6 18. Bxd6 Nc4+ 0-1


[Site "https://www.chess.com"]

[Event "Titled Tuesday Blitz August 22 Early 2023"]
[White "pasteta13"]
[Black "Garakov, Mikhael"]
[BlackFideId "4169034"]
[WhiteElo "2402"]
[BlackElo "2571"]
[Result "0-1"]
[Round "3"]
[TimeControl "180+1"]
[Date "2023.08.22"]
[WhiteClock "0:00:00"]
[BlackClock "0:00:15"]
[Board "144"]

1. e4 c5 2. Ne2 Nc6 3. g3 d5 4. Bg2 dxe4 5. Nbc3 Nf6 6. Nxe4 Nxe4 7. Bxe4 g6 8. d3 Bg7 9. O-O O-O 10. c3 Bh3 11. Re1 e5 12. Be3 Qd6 13. Qd2 Rad8 14. Rad1 b6 15. Bh6 f5 16. Bh1 f4 17. Bxg7 Kxg7 18. Be4 f3 19. Nc1 Ne7 20. d4 cxd4 21. cxd4 exd4 22. Nb3 Nf5 23. Bxf5 Rxf5 24. Qxd4+ Qxd4 25. Rxd4 Rfd5 26. Red1 Rxd4 27. Rxd4 Re8 28. Rd1 Re2 29. Nd4 Rxb2 30. Nxf3 Bg4 31. Rd2 Rb1+ 32. Kg2 a5 33. Ne5 Be6 34. h4 b5 35. Nc6 a4 36. a3 Rc1 37. Nd4 Bd5+ 38. f3 Bc4 39. Rb2 Rc3 40. Nxb5 Rd3 41. g4 Bd5 42. Rf2 Bc6 43. Na7 Bd7 44. Ra2 Rb3 45. Rd2 Rb7 46. Rd4 Rxa7 47. Rb4 Rc7 48. Kg3 Kf7 49. h5 gxh5 50. gxh5 Rc3 51. Rb7 Ke7 52. h6 Rxa3 53. Kf4 Ra1 54. Ra7 a3 55. Ra8 a2 56. Ra7 Kd6 57. Ra6+ Kc5 58. Ra7 Be6 59. Rxh7 Rh1 60. Rc7+ Kd6 61. Ra7 a1=Q 0-1


[Site "https://www.chess.com"]